 Dungeon Crawl Stone Soup version 0.31-a0-180-g519b7de00c (webtiles) character file.

Game seed: 10454260307606305012

30 qw the Shooter (level 3, -1/32 HPs)
             Began as a Naga Hunter on June 19, 2023.
             Slain by a quokka (4 damage)
             ... on level 1 of the Dungeon.
             The game lasted 00:00:19 (884 turns).

qw the Shooter (Naga Hunter)                         Turns: 884, Time: 00:00:19

Health: -1/32      AC:  2    Str: 13    XL:     3   Next: 18%
Magic:  3/3        EV:  9    Int:  9    God:
Gold:   81         SH:  0    Dex: 16    Spells: 2/2 levels left

rFire   . . .        h - +0 shortbow (heavy)
rCold   . . .        (shield currently unavailable)
rNeg    . . .        c - +0 leather armour
rPois   +            (no helmet)
rElec   .            (no cloak)
rCorr   .            (no gloves)
SInv    +            (no barding)
Will    .....        (no amulet)
Stlth   ++           (no ring)
HPRegen 0.25/turn    (no ring)
MPRegen 0.08/turn

%: no passive effects
@: lethally poisoned (-1 -> -2), very slow
A: AC +1, large, see invisible, deformed body, poison resistance, slowness 2,
spit poison 1, naga tail 1
a: Spit Poison


You were on level 1 of the Dungeon.
You visited 1 branch of the dungeon, and saw 2 of its levels.

You collected 81 gold pieces.


Innate Abilities, Weirdness & Mutations

Your serpentine skin is tough. (AC +1)
You have supernaturally acute eyesight. (SInv)
Armour fits poorly on your strangely shaped body.
Your system is resistant to poisons. (rPois)
You cover ground very slowly.
You can spit poison.
You have a snake-like lower body.


   Skills:
 - Level 2.0 Fighting
 + Level 4.5 Ranged Weapons
 - Level 1.5 Dodging
 - Level 1.5 Stealth


You had 2 spell levels left.
You didn't know any spells.
Your spell library was empty.

Inventory:

Hand Weapons
 h - a +0 heavy shortbow (weapon)
Armour
 c - a +0 leather armour (worn)
Scrolls
 i - a scroll of identify
Potions
 d - a potion of haste {unknown}

Dungeon Overview and Level Annotations

Branches:
Dungeon (2/15)

Altars:


Message History

You shoot an arrow. The arrow closely misses the kobold.
The frilled lizard hisses angrily.
You shoot an arrow. The arrow hits the kobold.
You kill the kobold!
The adder bites you but does no damage.
You shoot an arrow. The arrow closely misses the adder.
The arrow barely misses the frilled lizard.
You have got your breath back.
The adder bites you. The quokka bites you. The adder bites you.
You are poisoned.
The adder poisons you!
880 ||| STAIRDANCE You feel sick.
The quokka bites you. The adder bites you.
You are more poisoned.
The adder poisons you! The frilled lizard bites you.
You climb upwards.
You feel very sick.
There is a stone staircase leading down here.
Enter note:
Enter note:
Enter note:
Enter note:
Enter note:
882 ||| INVOKING Spit Poison.
Aiming: Spit Poison (2% risk of failure)
Press: ? - help, Shift-Dir - straight line, f - adder The splash of poison misses the adder.
You feel sick. The quokka closely misses you. The adder closely misses you.
The frilled lizard bites you.
You shoot an arrow. The arrow misses the adder.
You feel very sick. The adder closely misses you. The quokka barely misses you.
The adder bites you. The frilled lizard bites you.
The quokka barely misses you. The adder closely misses you.
The frilled lizard barely misses you. The quokka bites you.
You shoot an arrow. The arrow hits the adder!
The adder is severely wounded.
You have got your breath back.
You feel sick. The adder bites you. The quokka bites you.
You die...

.# ##..#####.#.#.# .# #..#
#...#.#.###### .# #..#
#.#.#.#.%....# .# ####.#
#.#.#.#.####.# .####.##.#
#.#.#.######.###
.'.......###)#............#
.####............##########
.# #.#...[..........#
.####.#......##l@#.###
.+....#.........Sr.#
.######..#.####....#
...................#
##########.###.....# ###
#.# #.....######## ..# #.#
#.....#......# #.# #.#
#.....#)###.## #.# #.#
#.......###>##


You could see an adder, a quokka and a frilled lizard.

Vanquished Creatures
  4 ball pythons (D:1)
  3 bats (D:1)
  An endoplasm (D:1)
  A giant cockroach (D:1)
  2 goblins (D:1)
  3 hobgoblins (D:1)
  4 kobolds
  2 quokkas (D:1)
  4 frilled lizards (D:1)
  4 rats (D:1)
28 creatures vanquished.

Notes
Turn   | Place    | Note
-------+----------+-------------------------------------------
     0 | D:1      | qw the Naga Hunter began the quest for the Orb.
     0 | D:1      | Reached XP level 1. HP: 19/19 MP: 1/1
     0 | D:1      | 0 ||| qw: Version: 0.3-a-7-ge0c9b40
     0 | D:1      | 0 ||| qw: Game counter: 1058
     0 | D:1      | 0 ||| qw: Always use a shield: true
     0 | D:1      | 0 ||| qw: God list: Okawaru
     0 | D:1      | 0 ||| qw: Allow faded altars: false
     0 | D:1      | 0 ||| qw: Do Orc after D:15 true
     0 | D:1      | 0 ||| qw: Do second Lair branch before Depths: true
     0 | D:1      | 0 ||| qw: Lair rune preference: random
     0 | D:1      | 0 ||| qw: Plans: Normal
     0 | D:1      | 0 ||| PLANNING D:1-11
    55 | D:1      | 55 ||| INVOKING Spit Poison.
    72 | D:1      | 72 ||| INVOKING Spit Poison.
    75 | D:1      | 75 ||| INVOKING Spit Poison.
    79 | D:1      | Reached skill level 4 in Ranged Weapons
    79 | D:1      | Reached XP level 2. HP: 26/26 MP: 2/2
   150 | D:1      | 150 ||| INVOKING Spit Poison.
   154 | D:1      | 154 ||| INVOKING Spit Poison.
   160 | D:1      | 160 ||| INVOKING Spit Poison.
   338 | D:1      | 338 ||| INVOKING Spit Poison.
   383 | D:1      | 383 ||| INVOKING Spit Poison.
   409 | D:1      | 409 ||| INVOKING Spit Poison.
   415 | D:1      | 415 ||| INVOKING Spit Poison.
   431 | D:1      | 431 ||| INVOKING Spit Poison.
   435 | D:1      | 435 ||| INVOKING Spit Poison.
   449 | D:1      | 449 ||| INVOKING Spit Poison.
   461 | D:1      | 461 ||| INVOKING Spit Poison.
   464 | D:1      | Reached XP level 3. HP: 32/32 MP: 3/3
   506 | D:1      | 506 ||| INVOKING Spit Poison.
   522 | D:1      | 522 ||| INVOKING Spit Poison.
   571 | D:1      | 571 ||| INVOKING Spit Poison.
   575 | D:1      | 575 ||| INVOKING Spit Poison.
   674 | D:1      | 674 ||| INVOKING Spit Poison.
   708 | D:1      | 708 ||| INVOKING Spit Poison.
   738 | D:1      | 738 ||| DROPPING scarf of invisibility.
   739 | D:1      | 739 ||| READING scroll labelled SOGAUGI FAWAH.
   740 | D:1      | 740 ||| READING scroll labelled BISHROSHIMOI.
   741 | D:1      | 741 ||| READING 2 scrolls labelled MOXTEL VUCLAT.
   742 | D:1      | 742 ||| READING scroll labelled MUQAL ROSOXKUT.
   743 | D:1      | 743 ||| READING scroll labelled ENOARH FAUPLA.
   844 | D:1      | 844 ||| DROPPING scroll of butterflies.
   876 | D:2      | 876 ||| INVOKING Spit Poison.
   880 | D:2      | 880 ||| STAIRDANCE
   882 | D:1      | 882 ||| INVOKING Spit Poison.
   883 | D:1      | HP: 8/32 [adder (3)]
   884 | D:1      | HP: 3/32 [adder (1)]
   884 | D:1      | Slain by a quokka

Levels and vault maps discovered:
D:1:      dreamdust_arrival_sigmund_warning, layout_basic
D:2:      layout_rooms, kennysheep_decorative_pillar, chequers_arboretum,
          nicolae_half_adder, uniq_jessica, uniq_robin, uniq_natasha

Skill      XL: |  1 |
---------------+----+-----
Ranged Weapons | 4 |  4.5
Fighting       | |  2.0
Dodging        | |  1.5
Stealth        | |  1.5

Action                     || total
---------------------------++-------
   Fire: Shortbow          ||    38
Ability: Spit Poison       ||    22
    Use: Scroll            ||     5
 Armour: Leather armour    ||     3
  Dodge: Dodged            ||     9

Table legend:
 A = Non-vault XP
 B = Vault XP
 C = Vault XP percentage of total XP
 D = Non-vault monster count
 E = Vault monster count
 F = Vault count percentage of total count
                 A         B        C        D         E       F
            +---------+---------+-------+---------+---------+-------
      Total |      43 |       0 |   0.0 |      28 |       0 |   0.0
            +---------+---------+-------+---------+---------+-------
        D:1 |      42 |       0 |   0.0 |      27 |       0 |   0.0
        D:2 |       1 |       0 |   0.0 |       1 |       0 |   0.0
            +---------+---------+-------+---------+---------+-------
